 Dungeon Crawl Stone Soup version 0.29-a0-563-g64e4043184 (webtiles) character file.

Game seed: 14736213390382045476

13392 kae the Arsonist (level 11, -5/64 HPs)
             Began as a Deep Elf Fire Elementalist on June 9, 2022.
             Was an Elder of Vehumet.
             Engulfed by a cloud of flame (13 damage)
             ... on level 11 of the Dungeon on June 11, 2022.
             The game lasted 00:13:07 (15655 turns).

kae the Arsonist (Deep Elf Fire Elementalist)      Turns: 15655, Time: 00:13:07

Health: -5/64      AC: 13    Str:  5    XL:     11   Next: 75%
Magic:  0/26       EV: 16    Int: 25    God:    Vehumet [****..]
Gold:   693        SH:  0    Dex: 15    Spells: 8/29 levels left

rFire   . . .      SeeInvis .   E - +6 trident of Wocastra {speed, +Blink rCorr}
rCold   . . .      Faith    .   (no shield)
rNeg    . . .      Spirit   +   L - +0 robe {Will+}
rPois   .          Reflect  .   D - +1 hat
rElec   .          Harm     .   (no cloak)
rCorr   +          Rampage  .   w - +1 pair of gloves
Will    ++...                   (no boots)
Stlth   ++........              n - amulet of guardian spirit
HPRegen 0.20/turn               h - +4 ring of protection
MPRegen 0.20/turn               l - +4 ring of protection

@: studying Crossbows
A: no striking features
a: Renounce Religion, Evoke Blink


You were on level 11 of the Dungeon.
You worshipped Vehumet.
Vehumet was greatly pleased with you.
You visited 2 branches of the dungeon, and saw 12 of its levels.

You collected 693 gold pieces.

Inventory:

Hand Weapons
 E - the +6 trident of Wocastra (weapon) {speed, +Blink rCorr}
   (You took it off an orc warrior on level 8 of the Dungeon)

   Attacks with this weapon are significantly faster.
   +Blink:    It lets you blink.
   rCorr:     It protects you from acid and corrosion.
Missiles
 p - 2 throwing nets
Armour
 a - a +1 robe
 s - a +0 helmet
 w - a +1 pair of gloves (worn)
 D - a +1 hat (worn)
 K - the +7 chain mail of Ynuotwuo {Will+}
   (You found it on level 10 of the Dungeon)

   Will:      It increases your willpower.
 L - a +0 robe of willpower (worn)
Jewellery
 d - a ring of protection from cold
 h - a +4 ring of protection (left hand)
 l - a +4 ring of protection (right hand)
 n - an amulet of guardian spirit (around neck)
 r - a ring of poison resistance
 y - a ring of positive energy
 B - a ring of ice
 I - a ring of wizardry
Wands
 q - a wand of iceblast (5)
 C - a wand of acid (11)
Scrolls
 c - 10 scrolls of teleportation
 i - 4 scrolls of fog
 u - a scroll of fear
 x - 2 scrolls of identify
 F - 3 scrolls of enchant weapon
Potions
 b - 2 potions of magic
 e - 4 potions of flight
 f - 2 potions of brilliance
 g - 2 potions of curing
 j - 4 potions of degeneration
 k - 2 potions of lignification
 m - 2 potions of heal wounds
 o - a potion of ambrosia
 t - a potion of mutation
 v - a potion of invisibility
 z - a potion of haste
 A - 2 potions of attraction
 G - 3 potions of berserk rage
 H - a potion of resistance
 J - a potion of might


   Skills:
 + Level 5.9 Fighting
 * Level 2.3 Armour
 + Level 8.3 Dodging
 - Level 2.4 Stealth
 + Level 9.9 Spellcasting
 * Level 11.2 Conjurations
 * Level 11.6 Fire Magic


You had 8 spell levels left.
You knew the following spells:

 Your Spells              Type           Power      Damage    Failure   Level
a - Foxfire               Conj/Fire      100%       2x1d9     1%          1
b - Scorch                Fire           100%       2d10      1%          2
c - Conjure Flame         Conj/Fire      62%        6-21      1%          3
d - Inner Flame           Hex/Fire       41%        N/A       1%          3
e - Flame Wave            Conj/Fire      62%        2d12      1%          4
f - Ignition              Fire           31%        3d10      54%         8

Your spell library contained the following spells:

 Spells                   Type           Power      Damage    Failure   Level
 Fireball                 Conj/Fire      31%        3d13      1%          5
 Dazzling Flash           Conj/Hex       80%        N/A       1%          3
 Apportation              Tloc           24%        N/A       4%          1
 Olgreb's Toxic Radiance  Pois           12%        N/A       13%         4
 Agony                    Necr           12%        N/A       80%         5
 Alistair's Intoxication  Tmut/Pois      8%         N/A       80%         5
 Silence                  Hex/Air        6%         N/A       80%         5
 Ozocubu's Refrigeration  Ice            6%         4d6       100%        7


Dungeon Overview and Level Annotations

Branches:
Dungeon (11/15)            Temple (1/1) D:4            Lair (0/6) D:8
    Orc: D:9-12

Altars:
Ashenzari
Cheibriados
Dithmenos
Elyvilon
Fedhas
Gozag
Hepliaklqana
Kikubaaqudgha
Makhleb
Nemelex Xobeh
Okawaru
Qazlal
Ru
Sif Muna
Trog
Uskayaw
Vehumet
Wu Jian
Xom
Yredelemnul
Zin
The Shining One

Shops:
D:8 (   D:9 (

Annotations:
D:6 2 transporters, Antroll's ghost, novice DEHu
D:9 3 runed translucent doors, gabibbone's ghost, novice MiHu


Message History

Casting: Foxfire (safe; 1% risk of failure)
Confirm with . or Enter, or press ? or * to list all spells.
You conjure some foxfire!
The foxfire hits the orc warrior.
The orc warrior is heavily wounded.
The foxfire hits the orc!
The orc is almost dead.
Casting: Foxfire (safe; 1% risk of failure)
Confirm with . or Enter, or press ? or * to list all spells.
Aiming: Inner Flame (safe; 1% risk of failure)
Press: ? - help, Dir - move target, f - orc
Aim: an orc, wielding a +0 club and wearing a +0 animal skin (almost dead, chance to affect: 97%)
The orc is filled with an inner flame.
Casting: Inner Flame (safe; 1% risk of failure)
Confirm with . or Enter, or press ? or * to list all spells.
You conjure some foxfire!
An orc wizard comes into view. It is wielding a +0 club.
The orc suddenly grunts.
The foxfire hits the orc.
Vehumet accepts your kill.
You feel your power returning.
The orc explodes!
The fiery explosion engulfs you!!
The fiery explosion engulfs your foxfire.
Your foxfire completely resists.
An orc priest comes into view.
It is wielding a +0 short sword and wearing a +0 ring mail of fire resistance.
You hear a shout!
You are engulfed in blazing flames.
The foxfire hits the orc warrior.
The orc warrior is heavily wounded.
Casting: Foxfire (safe; 1% risk of failure)
Confirm with . or Enter, or press ? or * to list all spells.
You conjure some foxfire!
You are engulfed in blazing flames.
You are engulfed in blazing flames.
* * * LOW HITPOINT WARNING * * *
The foxfire hits the orc warrior.
The orc warrior is severely wounded.
The foxfire hits the orc warrior.
The orc warrior is almost dead.
You are engulfed in blazing flames.
You die...

##..# ##[..#
##.#..# ####
#.###.# ... ##.#..#
#.. ##.#.#
...#.§###.#.#
..o))§§§#.#.#
...o.o#@#.#.# .....
#.....## ....
#....#.######
#######...###.....#
#..#....#.####.#
####..##....##
#.........#.# ####
#.##..#####.## ...#
#.##..# #..#


You could see an orc priest.

Vanquished Creatures
  Josephine (D:10)
  A hydra (D:11)
  A two-headed ogre (D:11)
  A cyclops (D:11)
  A gargoyle (D:10)
  An unseen horror (D:8)
  A komodo dragon (D:8)
  A troll (D:8)
  Sigmund (D:6)
  A shadow (D:9)
  23 yaks
  A vampire (D:11)
  6 wraiths
  3 steam dragons
  Grum (D:8)
  4 water moccasins (D:6)
  7 orc warriors
  2 ice beasts (D:8)
  4 black bears
  10 centaurs
  2 wolves (D:8)
  A phantom (D:7)
  2 kobold brigands
  A gnoll sergeant (D:10)
  A necrophage (D:4)
  A bullfrog (D:7)
  A scorpion (D:4)
  A water moccasin zombie (D:6)
  5 wights (D:8)
  8 killer bees
  5 howler monkeys (D:7)
  A vampire bat (D:5)
  A centaur zombie (D:6)
  3 hounds
  6 jellies
  4 orc priests
  A gnoll shaman (D:6)
  An iguana (D:7)
  6 orc wizards
  14 gnolls
  10 adders
  A shadow imp (D:5)
  3 white imps
  2 ufetubi (D:6)
  2 worms
  4 dart slugs
  32 orcs
  12 ball pythons
  4 bat skeletons (D:5)
  A bat zombie (D:5)
  6 endoplasms
  7 giant cockroaches
  7 goblins
  8 hobgoblins
  6 jackals
  23 kobolds
  7 quokkas
  6 bats
  3 frilled lizards (D:3)
  6 rats
286 creatures vanquished.

Vanquished Creatures (others)
  810 foxfires
  10 fungi (D:8)
  5 plants (D:8)
825 creatures vanquished.

Grand Total: 1111 creatures vanquished

Notes
Turn   | Place    | Note
-------+----------+-------------------------------------------
     0 | D:1      | kae the Deep Elf Fire Elementalist began the quest for the
                  | Orb.
     0 | D:1      | Reached XP level 1. HP: 10/10 MP: 6/6
   313 | D:1      | Reached XP level 2. HP: 15/15 MP: 4/8
   641 | D:1      | Found a faded altar of an unknown god.
   959 | D:1      | Reached XP level 3. HP: 20/20 MP: 5/9
   962 | D:1      | Learned a level 2 spell: Scorch
   966 | D:1      | Learned a level 3 spell: Conjure Flame
  1355 | D:2      | Reached skill level 1 in Fighting
  1684 | D:2      | Reached XP level 4. HP: 20/25 MP: 4/11
  2755 | D:2      | Reached XP level 5. HP: 25/29 MP: 9/12
  3332 | D:3      | Identified the +1 leather armour of the Valley {Rampage}
  3702 | D:3      | Found a glowing silver altar of Zin.
  3961 | D:4      | Found a staircase to the Ecumenical Temple.
  3977 | D:4      | Reached skill level 5 in Fire Magic
  3980 | D:4      | Reached XP level 6. HP: 9/35 MP: 0/14
  4275 | Temple   | Entered the Ecumenical Temple
  4589 | Temple   | Became a worshipper of Vehumet
  5428 | D:5      | Entered Level 5 of the Dungeon
  5441 | D:5      | Reached XP level 7. HP: 40/40 MP: 12/16
  5492 | D:5      | Learned a level 3 spell: Inner Flame
  5497 | D:5      | Learned a level 4 spell: Flame Wave
  5844 | D:5      | Reached skill level 5 in Spellcasting
  5913 | D:5      | Found an ancient bone altar of Kikubaaqudgha.
  5915 | D:5      | Reached * piety under Vehumet
  5915 | D:5      | Offered knowledge of Freeze by Vehumet.
  6029 | D:5      | Reached skill level 5 in Conjurations
  6299 | D:6      | Noticed Sigmund
  6309 | D:6      | Killed Sigmund
  6358 | D:6      | Reached XP level 8. HP: 40/45 MP: 7/18
  6468 | D:6      | Found a transporter.
  6470 | D:6      | Noticed Antroll's ghost (novice DEHu)
  6471 | D:6      | Found a transporter.
  7311 | D:6      | Reached XP level 9. HP: 46/51 MP: 12/20
  7446 | D:6      | Reached ** piety under Vehumet
  7446 | D:6      | Offered knowledge of Magic Dart by Vehumet.
  7598 | D:6      | Reached skill level 5 in Dodging
  7667 | D:6      | Found a basalt altar of Yredelemnul.
  7864 | D:7      | Found a blossoming altar of Fedhas.
  9110 | D:8      | Identified the +6 trident of Wocastra {speed, +Blink rCorr}
  9268 | D:8      | Offered knowledge of Frozen Ramparts by Vehumet.
  9308 | D:8      | Noticed a troll
  9321 | D:8      | Killed a troll
  9467 | D:8      | Noticed Grum
  9675 | D:8      | Noticed a komodo dragon
  9696 | D:8      | Killed a komodo dragon
  9790 | D:8      | Reached XP level 10. HP: 37/58 MP: 1/23
 10080 | D:8      | Reached *** piety under Vehumet
 10181 | D:8      | Found Ligus's Weapon Shop.
 10301 | D:8      | Found a staircase to the Lair.
 10984 | D:8      | Killed Grum
 11090 | D:9      | Noticed gabibbone's ghost (novice MiHu)
 11373 | D:9      | Reached skill level 10 in Fire Magic
 11495 | D:9      | Found Touddoat's Firing Range.
 11531 | D:9      | Reached skill level 5 in Fighting
 11693 | D:9      | Found a runed translucent gate.
 11694 | D:9      | Found a runed translucent gate.
 11695 | D:9      | Found a runed translucent gate.
 11699 | D:9      | Noticed a shining eye
 11703 | D:9      | Noticed a shock serpent
 11703 | D:9      | a shining eye changed into a shock serpent
 11876 | D:9      | Offered knowledge of Stone Arrow by Vehumet.
 12064 | D:9      | Noticed a swamp dragon
 12089 | D:9      | Learned a level 8 spell: Ignition
 12111 | D:10     | Entered Level 10 of the Dungeon
 12390 | D:10     | Reached skill level 10 in Conjurations
 12851 | D:10     | Reached XP level 11. HP: 51/64 MP: 15/26
 13154 | D:10     | Noticed Josephine
 13484 | D:10     | Killed Josephine
 13507 | D:10     | Upgraded the game from 0.29-a0-559-g359e09b9d1 to
                  | 0.29-a0-563-g64e4043184
 13934 | D:10     | Identified the +7 chain mail of Ynuotwuo {Will+}
 14130 | D:11     | Noticed a two-headed ogre
 14337 | D:11     | Killed a two-headed ogre
 14337 | D:11     | Reached **** piety under Vehumet
 14338 | D:11     | Reached skill level 1 in Armour
 14771 | D:11     | Noticed a four-headed hydra
 14779 | D:11     | Killed a four-headed hydra
 15637 | D:11     | Offered knowledge of Fireball by Vehumet.
 15655 | D:11     | Engulfed by a cloud of flame

Illustrated notes

Levels and vault maps discovered:
D:1:      dreamdust_arrival_sigmund_warning, layout_basic,
          chequers_ecumenical_altar_simple, minmay_tromino_v4_a
D:2:      layout_rooms
D:3:      layout_basic, general_overflow_altar
D:4:      layout_loops_ring, minmay_temple_entry_ruins, portal_sewer_entry_f,
          kennysheep_nondescript, hangedman_decor_clover_reticule,
          corexii_hall_statues_x
D:5:      layout_rooms, kennysheep_vampire_church
D:6:      hangedman_cross_stitches, layout_rooms,
          lemuel_zombie_altar_yredelemnul, gammafunk_ghost_arena, uniq_sigmund
D:7:      layout_loops_corners, fedhas_ov_isle_minmay,
          minmay_misc_feat_secret_circle
D:8:      kennysheep_blocky_hall, layout_basic, grunt_lair_entry_orc_guard_hut,
          serial_shops, nicolae_shop_bloodbath_and_beyond, uniq_grum
D:9:      layout_irregular_city, serial_column_ruins, column_ruins_grid_1,
          column_ruins_open_tiny, column_ruins_columns_straight,
          column_ruins_corridor_straight, column_ruins_columns_plus,
          column_ruins_open_tiny, gammafunk_ghost_split,
          nicolae_shop_firing_range
D:10:     layout_stronghold, uniq_josephine
D:11:     layout_loops_ring, erik_orc_1
Temple:   hc_temple_tempest_star

Skill      XL: |  1  2  3  4  5  6  7  8  9 10 11 |
---------------+----------------------------------+-----
Conjurations   | 2 3 4 5 7 8 10 11 | 11.2
Fighting       | 1 2 3 4 5 |  5.9
Fire Magic     | 4 5 6 7 9 10 11 | 11.6
Spellcasting   | 4 5 6 7 9 |  9.9
Dodging        | 3 4 6 7 8 |  8.3
Armour         | 2 |  2.3
Stealth        | |  2.4

Action                   |  1- 3 |  4- 6 |  7- 9 | 10-12 || total
-------------------------+-------+-------+-------+-------++-------
Melee: Unarmed           |     3 |     4 |    13 |       ||    20
       Punch             |       |       |     2 |       ||     2
       Trident           |       |       |       |    68 ||    68
 Cast: Foxfire           |    73 |   143 |   151 |   111 ||   478
       Scorch            |     6 |    24 |    69 |    83 ||   182
       Flame Wave        |       |       |     4 |    15 ||    19
       Conjure Flame     |       |       |     4 |    10 ||    14
       Inner Flame       |       |       |       |    11 ||    11
 Abil: Evoke Blink       |       |       |       |     1 ||     1
  Use: Scroll            |     7 |     4 |    12 |     5 ||    28
       Potion            |       |     1 |     3 |       ||     4
Armor: Robe              |     8 |    13 |    94 |    86 ||   201
       Skin              |       |     6 |       |       ||     6
Dodge: Dodged            |    24 |    34 |   120 |   140 ||   318

Table legend: (Time is in decaauts)
 A = Elapsed time spent in this place.
 B = Non-inter-level travel time spent in this place.
 C = Inter-level travel time spent in this place.
 D = Time resting spent in this place.
 E = Time spent auto-exploring this place.
 F = Levels seen in this place.
 G = Mean time per level.
                   A        B        C        D        E       F      G
               +--------+--------+--------+--------+--------+-----+--------+
         Total |  15708 |  15232 |    476 |   2196 |  10590 |  12 | 1309.0 |
       Dungeon |  15381 |  14941 |    440 |   2196 |  10314 |  11 | 1398.3 |
        Temple |    326 |    290 |     36 |      0 |    276 |   1 |  326.0 |
               +--------+--------+--------+--------+--------+-----+--------+

Top non-repeatable levels by time:
     D:8: 2073 daAuts
    D:10: 2022 daAuts
     D:1: 1632 daAuts
    D:11: 1397 daAuts
     D:4: 1385 daAuts
     D:5: 1280 daAuts
     D:7: 1275 daAuts
     D:9: 1187 daAuts
     D:2: 1177 daAuts
     D:6: 1039 daAuts
     D:3: 911 daAuts
  Temple: 326 daAuts
